AoeStats
← EL LEON

Arabia

510031871Analyzed
1v1 RM · 4d ago on Sep 29, 2026· 48m 32s· 2 players
Game mode
Random Map
Map size
Tiny (2 player)
Population
200
Speed
Normal
Resources
Standard
Victory
Conquest
Starting age
Dark Age
Ending age
Imperial Age
RankedLock teamsTeams togetherTeam positionsShared explorationLock speedFull tech treeHidden civsTurbo modeCheats
Victory
Defeat
🇦🇷 Saracens · Argentina
1082
+16
🇦🇺 Britons · Australia
1072
-16
Thorag
10:30 Feudal Age
9:43 Loom
15:50 Double-Bit Axe
18:26 Horse Collar
25:46 Castle Age
24:05 Gold Mining
26:13 Fletching
26:29 Crossbowman
27:09 Bodkin Arrow
28:06 Padded Archer Armor
30:06 Wheelbarrow
31:34 Husbandry
39:27 Imperial Age
37:31 Hand Cart
37:35 Pikeman
42:17 Conscription
42:11 Bracer
43:48 Halberdier
45:38 Bow Saw
45:45 Scale Mail Armor
45:55 Forging
46:18 Ballistics
46:59 Chemistry
46:49 Chain Mail Armor
47:54 Iron Casting
EL LEON
1:00 Loom
10:21 Feudal Age
10:54 Man-at-Arms
12:41 Wheelbarrow
17:13 Fletching
17:16 Double-Bit Axe
18:13 Horse Collar
24:31 Castle Age
26:27 Hand Cart
28:19 Bow Saw
29:05 Elite Skirmisher
31:18 Heavy Plow
37:32 Imperial Age
35:37 Light Cavalry
36:35 Bloodlines
36:25 Husbandry
37:14 Scale Barding Armor
37:19 Forging
40:34 Conscription
46:19 Chemistry
45:22 Gold Mining
45:22 Stone Mining
45:18 Long Swordsman
45:44 Gambesons
45:26 Hussar
47:29 Iron Casting
47:15 Chain Barding Armor
46:50 Bodkin Arrow
46:56 Padded Archer Armor
46:59 Scale Mail Armor
46:23 Two-Handed Swordsman
47:31 Champion
Connection lost

Rejoining the realm…

Still unreachable

The connection could not be restored.

Session expired

The server has moved on; the page needs a fresh start.